 Dungeon Crawl Stone Soup version 0.31.0-11-ge490571c62 (webtiles) character file.

Game seed: 9489246154707506888

282170 t4s4d4r the Black Belt (level 20, -9/214 HPs)
             Began as an Octopode Shapeshifter on Feb 3, 2024.
             Was an Initiate of Gozag.
             Shot with a bolt by a +2 triple crossbow of electrocution (53 damage)
             ... in a wizard's laboratory.
             The game lasted 00:57:55 (52031 turns).

t4s4d4r the Black Belt (Octopode Shapeshifter)     Turns: 52031, Time: 00:57:56

Health: -9/214     AC: 24    Str: 32    XL:     20   Next: 52%
Magic:  23/28      EV: 17    Int: 14    God:    Gozag
Gold:   5198       SH:  0    Dex: 16    Spells: 19/30 levels left

rFire   + +          .
                       - Unarmed
rCold   + . .        n - melded +3 buckler
rNeg    + . .        (helmet currently unavailable)
rPois   +            N - amulet of the acrobat
rElec   +            j - +4 ring of protection
rCorr   +            l - ring of see invisible
SInv    +            m - ring of protection from cold
Will    +....        Y - ring "Isivvosy" {rPois rC+ rN+ rCorr Str+3}
Stlth   ++++++++     I - +4 ring of protection
HPRegen 0.55/turn    L - +4 ring of protection
MPRegen 0.21/turn    V - ring of Ciapot {Wiz rElec Str+3 Stlth+}
                     J - +5 ring of evasion

%: acrobat, wizardry (x1)
@: dragon-form, flying
A: dragon claw, dragon scales, breathe fire, flying, boosted hp, almost no
armour, amphibious, 8 rings, giant, (camouflage 1), (gelatinous body 1), (nimble
swimmer 1), (tentacles)
}: 2/15 runes: barnacled, gossamer
a: Breathe Fire, Begin Untransformation, Renounce Religion, Potion Petition,
Call Merchant, Bribe Branch


You were in a wizard's laboratory.
You worshipped Gozag.
Gozag was greatly pleased with you.
You were a fearsome dragon!
You visited 7 branches of the dungeon, and saw 34 of its levels.
You also visited: Sewer, Ossuary, Ice Cave and Wizlab.

You collected 12284 gold pieces.
You spent 5489 gold pieces at shops.
You paid 1597 gold pieces to Gozag.

Inventory:

Missiles
 u - 8 throwing nets
Armour
 n - a +3 buckler (melded)
Jewellery
 c - a ring of protection from fire
 j - a +4 ring of protection (left foreclaw)
 l - a ring of see invisible (right foreclaw)
 m - a ring of protection from cold (on tentacle)
 I - a +4 ring of protection (on tentacle)
 J - a +5 ring of evasion (on tentacle)
 L - a +4 ring of protection (on tentacle)
 N - an amulet of the acrobat (around neck)
 V - the ring of Ciapot (on tentacle) {Wiz rElec Str+3 Stlth+}
   (You bought it in a shop on level 2 of the Orcish Mines)

   [ring of wizardry]

   Wiz:       It improves your spell success rate.
   Str+3:     It affects your strength (+3).
   rElec:     It insulates you from electricity.
   Stlth+:    It makes you more stealthy.
 Y - the ring "Isivvosy" (on tentacle) {rPois rC+ rN+ rCorr Str+3}
   (You bought it in a shop on level 1 of the Lair of Beasts)

   [ring of resist corrosion]

   Str+3:     It affects your strength (+3).
   rC+:       It protects you from cold.
   rPois:     It protects you from poison rN+: It protects you from negative
   energy.
   rCorr:     It protects you from acid and corrosion.
Talismans
 W - a dragon-blood talisman (active)
Wands
 e - a wand of acid (29)
 p - a wand of flame (46)
 t - a wand of polymorph (19)
 w - a wand of charming (20)
 B - a wand of roots (25)
 F - a wand of mindburst (14)
Scrolls
 f - 9 scrolls of teleportation
 k - 7 scrolls of fog
 v - 2 scrolls of fear
 x - 3 scrolls of blinking
 y - 7 scrolls of amnesia
 A - 7 scrolls of poison
 D - 4 scrolls of revelation
 H - 4 scrolls of immolation
 K - a scroll of torment
 M - 18 scrolls of identify
 Q - 2 scrolls of butterflies
 S - 2 scrolls of silence
 X - 2 scrolls of vulnerability
Potions
 b - 2 potions of enlightenment
 d - 4 potions of haste
 g - 3 potions of might
 h - 2 potions of magic
 i - 2 potions of invisibility
 o - 16 potions of curing
 q - 9 potions of heal wounds
 r - 2 potions of attraction
 s - 7 potions of ambrosia
 z - 3 potions of mutation
 C - a potion of cancellation
 E - 4 potions of resistance
 O - 3 potions of lignification
 U - 6 potions of brilliance
Miscellaneous
 a - a lightning rod (4/4)
 P - a box of beasts
 T - a phial of floods


   Skills:
 + Level 14.2 Fighting
 - Level 10.1 Dodging
 - Level 17.1 Stealth
 - Level 4.3 Shields
 - Level 19.4 Unarmed Combat
 - Level 5.7 Spellcasting
 - Level 8.6 Translocations
 - Level 7.9 Ice Magic
 - Level 10.0 Evocations
 - Level 16.5 Shapeshifting


You had 19 spell levels left.
You knew the following spells:

 Your Spells              Type           Power      Damage    Failure   Level
a - Blink                 Tloc           56%        N/A       1%          2
b - Lesser Beckoning      Tloc           56%        N/A       1%          2
c - Passage of Golubria   Tloc           28%        N/A       1%          4
d - Ozocubu's Armour      Ice            26%        N/A       1%          3

Your spell library contained the following spells:

 Spells                   Type           Power      Damage    Failure   Level
 Apportation              Tloc           56%        N/A       1%          1
 Frozen Ramparts          Ice            52%        1d8       1%          3
 Gell's Gravitas          Tloc           28%        N/A       1%          3
 Teleport Other           Tloc           28%        N/A       1%          3
 Volatile Blastmotes      Fire/Tloc      32%        2d12      3%          3
 Foxfire                  Conj/Fire      12%        2x1d4     6%          1
 Magic Dart               Conj           12%        1d3       6%          1
 Sandblast                Erth           6%         2d5       6%          1
 Shock                    Conj/Air       12%        1d3       6%          1
 Sting                    Conj/Alch      12%        1d3       6%          1
 Summon Small Mammal      Summ           12%        N/A       6%          1
 Call Imp                 Summ           6%         N/A       10%         2
 Cigotuvi's Dreadful Rot  Necr/Alch/Air  6%         N/A       10%         2
 Jinxbite                 Hex            6%         N/A       10%         2
 Mercury Vapours          Alch/Air       6%         N/A       10%         2
 Iskenderun's Mystic Bla  Conj/Tloc      16%        2d5       11%         4
 Passwall                 Erth           3%         N/A       19%         3
 Stone Arrow              Conj/Erth      6%         3d7       19%         3
 Tukima's Dance           Hex            3%         N/A       19%         3
 Summon Forest            Summ/Tloc      8%         N/A       28%         5
 Metabolic Englaciation   Hex/Ice        7%         N/A       32%         5
 Brom's Barrelling Bould  Conj/Erth      3%         2d3       52%         4
 Dispel Undead            Necr           3%         3d7       52%         4
 Leda's Liquefaction      Alch/Erth      1%         N/A       52%         4
 Martyr's Knell           Necr/Summ      3%         N/A       52%         4
 Olgreb's Toxic Radiance  Alch           3%         N/A       52%         4
 Petrify                  Alch/Erth      3%         N/A       52%         4
 Summon Lightning Spire   Summ/Air       3%         N/A       52%         4
 Alistair's Intoxication  Alch           2%         N/A       85%         5
 Lee's Rapid Deconstruct  Erth           1%         3d4*      85%         5
 Silence                  Hex/Air        1%         N/A       85%         5
 Yara's Violent Unravell  Hex/Alch       1%         3d3       85%         5
 Sculpt Simulacrum        Ice/Alch       7%         N/A       86%         6
 Bombard                  Conj/Erth      1%         9d1       100%        6
 Conjure Ball Lightning   Conj/Air       1%         3x3d6     100%        6
 Death Channel            Necr           1%         N/A       100%        6
 Haunt                    Necr/Summ      1%         N/A       100%        7
 Malign Gateway           Summ/Tloc      8%         N/A       100%        7
 Orb of Destruction       Conj           1%         9d5       100%        7
 Infestation              Necr           1%         N/A       100%        8
 Maxwell's Capacitive Co  Air            1%         ∞         100%        8
 Fire Storm               Conj/Fire      1%         8d1       100%        9
 Animate Armour           Summ/Erth      Unusable   N/A       N/A         4
 Animate Dead             Necr           Unusable   N/A       N/A         4

Dungeon Overview and Level Annotations

Branches:
Dungeon (15/15)            Temple (1/1) D:6            Lair (5/5) D:11
 Shoals (4/4) Lair:3       Spider (4/4) Lair:3        Slime (0/5) Lair:4
    Orc (2/2) D:10            Elf (0/3) Orc:2        Vaults (3/5) D:14
  Crypt (0/3) Vaults:2     Depths (0/4) D:15          Sewer (visited)
Ossuary (visited)           IceCv (visited)          WizLab (1/1)

Altars:
Ashenzari
Cheibriados
Dithmenos
Elyvilon
Fedhas
Gozag
Hepliaklqana
Kikubaaqudgha
Makhleb
Nemelex Xobeh
Okawaru
Qazlal
Ru
Sif Muna
Trog
Uskayaw
Vehumet
Wu Jian
Xom
Yredelemnul
Zin
The Shining One
Jiyva

Shops:
D:11 *   D:15 [   Orc:2 (?=*   Lair:1 ==   Shoals:3 :   Vaults:1 (

Annotations:
D:7 exclusion: hornet
D:11 3 runed translucent doors, t4s4d4r's ghost, journeyman OpSh
D:12 exclusion: two-headed ogre
D:14 Roxanne
Spider:1 3 runed translucent doors, Agnes; Vuykkinei's ghost, adept TrBe WizLab exclusion: strange machine


Innate Abilities, Weirdness & Mutations

You are a fearsome dragon!
You have a powerful clawing attack.
Your giant scaled body is strong and resilient, but less evasive.
You can breathe fire.
You are flying.
Your maximum health is greatly increased.
Your armour is entirely melded.
You are incapable of wielding weapons or throwing items.
You cannot wear most types of armour.
You are amphibious.
You can wear up to eight rings at the same time.
((Your skin changes colour to match your surroundings (Stealth+).))
((Your rubbery body absorbs attacks. (AC +1, EV +1)))
((You are camouflaged when in or above water. (Stealth+)))
((You have tentacles for arms and can constrict up to eight enemies at once.))


Message History

You feel your power leaking away.
The +2 triple crossbow of electrocution shoots a bolt.
The bolt hits you!
You bite the +2 triple crossbow of electrocution!!
Your tail-slap misses the +2 triple crossbow of electrocution.
The +2 triple crossbow of electrocution is almost destroyed.
The +1 battleaxe of electrocution is no longer distracted by gold.
The rakshasa misses you.
You hit the +2 triple crossbow of electrocution but do no damage.
Your tail-slap misses the +2 triple crossbow of electrocution.
You claw the +2 triple crossbow of electrocution, but do no damage.
The +2 triple crossbow of electrocution is almost destroyed.
The +1 antimagic glaive hits you from afar!
You feel your power leaking away.
The +1 battleaxe of electrocution hits you!
The rakshasa closely misses you. The +1 antimagic glaive misses you.
The +1 battleaxe of electrocution attacks as it pursues you!
The +1 battleaxe of electrocution misses you.
The +2 triple crossbow of electrocution attacks as it pursues you!
The +2 triple crossbow of electrocution hits you!
The +1 battleaxe of electrocution closely misses you.
The +1 antimagic glaive misses you. The rakshasa attacks as it pursues you!
The rakshasa closely misses you.
You closely miss the +1 antimagic glaive.
Your claw misses the +1 antimagic glaive.
Your bite misses the +1 antimagic glaive.
The +1 battleaxe of electrocution hits you!
Unknown command.
You barely miss the +1 antimagic glaive.
Your bite misses the +1 antimagic glaive.
The +1 battleaxe of electrocution hits you!
The +1 antimagic glaive hits you.
The +1 battleaxe of electrocution hits you!!
* * * LOW HITPOINT WARNING * * *
The rakshasa blinks!
The +2 triple crossbow of electrocution shoots a bolt.
The bolt hits you!!!
You die...
Your body crumbles into a pile of gold.

##.....###..###
##.....###...##
##.....###...## ..
##R.⌠..###...## ...
##....$###...##
..###.....###...##
R..###.....###...##
...#..§(.....#...##
#...R.##D##.....##
++####(((####++#
##.$(R.###(.##
##$.⌠..###...##
##.....####..##
###...#####...##
###.### #..#.(##
#...# ##.....#
.....#


You could see 2 rakshasas and 5 dancing weapons.

Vanquished Creatures
  Bai Suzhen (Shoals:4)
  Nikola (Spider:2)
  Jorgrun (Orc:1)
  Polyphemus (Shoals:4)
  Gastronok (Lair:1)
  Aizul (Vaults:1)
  A frost giant (Shoals:4)
  4 emperor scorpions
  8 vault wardens
  Louise (Shoals:3)
  7 ghost moths
  An orc warlord (Vaults:2)
  4 ironbound preservers
  4 ironbound thunderhulks
  2 broodmothers (Spider:4)
  A stone giant (D:15)
  11 dire elephants
  2 eleionomae (Shoals:1)
  A spark wasp (Spider:4)
  An ettin (Vaults:1)
  4 merfolk javelineers
  9 merfolk impalers
  2 entropy weavers
  7 yaktaur captains
  An entropy weaver (shapeshifter) (Spider:4)
  2 rakshasas (WizLab)
  3 great orbs of eyes (Vaults:1)
  11 vault guards
  5 hydras
  3 ogre magi
  6 centaur warriors
  2 alligator snapping turtles (Shoals:4)
  3 satyrs (Shoals:1)
  3 death yaks (Shoals:4)
  4 merfolk avatars
  2 radroaches
  8 boulder beetles
  2 catoblepae
  2 jorogumos
  10 ironbound frosthearts
  A merfolk aquamancer (Shoals:4)
  16 two-headed ogres
  5 tengu warriors
  11 demonic crawlers
  A vampire mage (Vaults:2)
  2 orc high priests (Orc:2)
  Amaemon (Lair:1)
  2 dancing weapons (WizLab)
  6 skysharks
  20 deep trolls
  8 sea snakes
  3 pharaoh ants
  10 orb spiders
  5 arcanists
  2 glowing orange brains
  5 steelbarb worms
  10 ironbound convokers
  44 harpies
  A necromancer (Vaults:1)
  A wolf spider zombie (D:12)
  9 lindwurms
  5 deep elf pyromancers
  Pikel (D:5)
  3 orc sorcerers
  7 deep elf zephyrmancers (Orc:2)
  A human zombie (Vaults:1)
  14 manticores
  2 orc knights (Vaults:2)
  8 ugly things
  15 wolf spiders
  Maurice (Orc:1)
  3 moths of wrath
  A fire giant zombie (Vaults:1)
  9 cyclopes
  A human skeleton (Vaults:1)
  4 kobold blastminers (Orc:2)
  14 fauns
  13 centaur zombies
  3 merfolk sirens
  A stone giant skeleton (Vaults:1)
  9 meliai
  11 vault sentinels
  10 elephants
  8 water nymphs
  9 black mambas
  A torpor snail (Spider:1)
  An orange demon (Lair:1)
  Maggie (D:6)
  8 cane toads
  4 rime drakes
  A kobold demonologist (D:8)
  12 komodo dragons
  2 unseen horrors
  30 yaktaurs
  2 tengu conjurers
  12 trolls
  A hydra zombie (D:13)
  5 polar bears
  25 merfolk
  A hornet (Lair:5)
  31 blink frogs
  2 meliai zombies (D:12)
  14 dream sheep
  25 tarantellas
  8 wind drakes
  10 culicivoras
  9 snapping turtles
  12 jumping spiders
  31 yaks
  A spriggan (shapeshifter) (D:13)
  5 water elementals
  4 vampires
  7 wyverns
  19 slime creatures
  Eustachio (D:5)
  2 humans (D:14)
  40 redbacks
  9 basilisks
  6 vampire mosquitoes (D:12)
  2 steam dragons
  6 wargs
  3 two-headed ogre zombies (D:13)
  A great orb of eyes simulacrum (IceCv)
  19 water moccasins
  2 acid dragons
  13 orc warriors
  A sky beast (D:6)
  7 black bears
  5 boggarts (D:14)
  2 laughing skulls (D:13)
  24 ogres
  2 wolves (D:11)
  16 centaurs
  A lemure (D:5)
  A phantom (D:4)
  3 kobold brigands
  A slime creature simulacrum (IceCv)
  8 bullfrogs
  3 scorpions
  8 wights
  2 electric eels (Lair:4)
  8 howler monkeys
  3 wolf zombies (D:13)
  3 jellies
  5 hounds
  5 orc priests
  2 sleepcaps (D:6)
  17 orc wizards
  5 iguanas
  3 scorpion zombies (D:4)
  2 shapeshifter simulacra (IceCv)
  9 hell rats
  A killer bee zombie (D:13)
  6 hound zombies
  A hound skeleton (D:4)
  4 mummies (Ossuary)
  4 gnolls (D:5)
  A howler monkey skeleton (D:4)
  10 adders
  2 white imps (D:5)
  2 ufetubi (D:4)
  2 adder zombies
  5 ribbon worms
  3 dart slugs
  64 orcs
  3 endoplasms
  6 giant cockroaches
  5 goblins
  7 hobgoblins
  3 jackals (D:1)
  19 kobolds
  2 quokkas
  4 ball pythons
  6 bats
  6 frilled lizards
  3 jackal zombies (Ossuary)
  3 kobold zombies (Ossuary)
  An orc zombie (Ossuary)
  6 rats
  A rat zombie (Ossuary)
1173 creatures vanquished.

Vanquished Creatures (collateral kills)
  A dire elephant (Lair:5)
  A hydra (Lair:4)
  A pharaoh ant (Spider:2)
  A sea snake (Shoals:4)
  An orb spider (Spider:2)
  A sun moth (Spider:2)
  A komodo dragon (Lair:4)
  3 dream sheep (Lair:4)
  A culicivora (Spider:2)
  2 redbacks (Spider:2)
  An orc priest (D:10)
  A hell rat (Lair:5)
  An orc (Orc:1)
16 creatures vanquished.

Vanquished Creatures (others)
  A cane toad (Lair:4)
  A jumping spider (Spider:2)
  A culicivora (Spider:2)
  A yak (D:10)
  A centaur (D:11)
  A killer bee zombie (D:13)
6 creatures vanquished.

Grand Total: 1195 creatures vanquished

Notes
Turn   | Place    | Note
-------+----------+-------------------------------------------
     0 | D:1      | t4s4d4r the Octopode Shapeshifter began the quest for the
                  | Orb.
     0 | D:1      | Reached XP level 1. HP: 13/13 MP: 1/1
   174 | D:1      | Reached XP level 2. HP: 15/18 MP: 2/2
   256 | D:1      | Found a faded altar of an unknown god.
   332 | D:1      | Reached skill level 4 in Unarmed Combat
   343 | D:1      | Reached XP level 3. HP: 23/23 MP: 3/3
  1392 | D:3      | Reached XP level 4. HP: 28/28 MP: 4/4
  1676 | D:3      | Reached skill level 5 in Unarmed Combat
  1825 | D:3      | Found a hazy altar of Hepliaklqana.
  1861 | D:3      | Identified the +10 dagger of the Riding Owl {vamp, rF+
                  | Int+7 Stlth+}
  2177 | D:4      | Found a glowing drain.
  2188 | Sewer    | Entered a sewer
  2258 | Sewer    | Noticed Pargi
  2268 | Sewer    | Reached XP level 5. HP: 17/33 MP: 5/5
  2358 | Sewer    | Noticed a kobold brigand
  2364 | Sewer    | Killed a kobold brigand
  2365 | Sewer    | Reached skill level 6 in Unarmed Combat
  2396 | D:4      | Reached XP level 6. HP: 37/38 MP: 6/6
  2407 | D:4      | Reached skill level 7 in Unarmed Combat
  2476 | D:4      | Reached XP level 7. HP: 25/45 MP: 7/7
  2622 | D:4      | Found a sand-covered staircase.
  2626 | Ossuary  | Entered an ossuary
  2906 | D:4      | Reached skill level 8 in Unarmed Combat
  2923 | D:4      | Reached skill level 1 in Stealth
  3063 | D:4      | You fall into a shaft and drop 1 floor!
  3063 | D:5      | Entered Level 5 of the Dungeon
  3089 | D:5      | Reached XP level 8. HP: 50/50 MP: 8/8
  3118 | D:5      | Noticed Pikel
  3158 | D:5      | Killed Pikel
  3159 | D:5      | Reached skill level 9 in Unarmed Combat
  3228 | D:5      | Noticed Eustachio
  3265 | D:5      | Reached skill level 10 in Unarmed Combat
  3302 | D:5      | Killed Eustachio
  3303 | D:5      | Reached XP level 9. HP: 51/54 MP: 9/9
  3320 | D:5      | Found a radiant altar of Vehumet.
  3448 | D:5      | Found a shimmering altar of Xom.
  3800 | D:4      | Reached skill level 11 in Unarmed Combat
  4730 | D:6      | Found a blossoming altar of Fedhas.
  4793 | D:6      | Noticed Maggie
  4807 | D:6      | Killed Maggie
  4950 | D:6      | Found a staircase to the Ecumenical Temple.
  4962 | Temple   | Entered the Ecumenical Temple
  5321 | D:6      | Found a snail-covered altar of Cheibriados.
  5321 | D:6      | Found a faded altar of an unknown god.
  5329 | D:6      | Found a shadowy altar of Dithmenos.
  5331 | D:6      | Found a burning altar of Makhleb.
  5333 | D:6      | Found a faded altar of an unknown god.
  5772 | D:7      | Reached skill level 5 in Fighting
  5887 | D:7      | Reached skill level 12 in Unarmed Combat
  5922 | D:7      | Noticed a hornet
  6017 | D:7      | Found a sparkling altar of Nemelex Xobeh.
  6137 | D:7      | Got the Compendium of the Gathered Map
  6269 | D:7      | Reached XP level 10. HP: 57/66 MP: 10/10
  6627 | D:8      | Noticed a +0 falchion
  6627 | D:8      | Noticed a +0 dagger
  6627 | D:8      | Noticed a +0 falchion
  6628 | D:8      | Noticed a +0 short sword
  6629 | D:8      | Noticed a +0 short sword
  6630 | D:8      | Noticed a +0 spear
  6630 | D:8      | Noticed a +0 spear
  6630 | D:8      | Noticed a +0 dagger
  7535 | D:8      | Found a hide-covered altar of Uskayaw.
  7738 | D:8      | Noticed a kobold demonologist
  7926 | D:8      | Killed a kobold demonologist
  8185 | D:9      | Reached skill level 5 in Shapeshifting
  8297 | D:9      | Found a glowing silver altar of Zin.
  9335 | D:9      | Noticed an unseen horror
  9362 | D:9      | Killed an unseen horror
  9363 | D:9      | Reached XP level 11. HP: 58/75 MP: 11/11
  9581 | D:10     | Entered Level 10 of the Dungeon
  9643 | D:10     | Found a broken altar of Ashenzari.
  9678 | D:10     | Reached skill level 1 in Shields
 10069 | D:10     | Found an opulent altar of Gozag.
 10146 | D:10     | Became a worshipper of Gozag Ym Sagoz the Greedy
 10532 | D:10     | Noticed a manticore
 10541 | D:10     | Killed a manticore
 11243 | D:10     | Found a staircase to the Orcish Mines.
 11291 | D:11     | Noticed a two-headed ogre
 11295 | D:11     | Killed a two-headed ogre
 11296 | D:11     | Reached skill level 5 in Dodging
 11651 | D:11     | Found a staircase to the Lair.
 11760 | D:11     | Noticed a boulder beetle
 12038 | D:11     | Noticed a two-headed ogre
 12043 | D:11     | Killed a boulder beetle
 12432 | D:11     | Found a runed translucent gate.
 12435 | D:11     | Found a runed translucent gate.
 12436 | D:11     | Found a runed translucent gate.
 12437 | D:11     | Found an opulent altar of Gozag.
 12437 | D:11     | Found Rualuam's Assorted Antiques.
 12450 | D:11     | Noticed a tengu warrior
 12451 | D:11     | Noticed t4s4d4r's ghost (journeyman OpSh)
 12451 | D:11     | Noticed a cyclops
 12655 | D:12     | Reached skill level 13 in Unarmed Combat
 12662 | D:12     | Reached XP level 12. HP: 44/84 MP: 12/12
 13139 | D:12     | Found a basalt altar of Yredelemnul.
 14408 | D:12     | Noticed a two-headed ogre
 14903 | D:12     | Learned a level 2 spell: Blink
 14920 | D:12     | Reached skill level 1 in Translocations
 15047 | D:13     | Reached skill level 1 in Spellcasting
 15205 | D:13     | Noticed a tengu warrior
 15228 | D:13     | Noticed a six-headed hydra
 15244 | D:13     | Noticed a tengu warrior
 15292 | Lair:1   | Entered Level 1 of the Lair of Beasts
 15295 | Lair:1   | Bought a +4 ring of protection for 684 gold pieces
 15340 | Lair:1   | Noticed Gastronok
 15507 | Lair:1   | Noticed Amaemon
 15523 | Lair:1   | Killed Amaemon
 15526 | Lair:1   | Noticed a skyshark
 15550 | Lair:1   | Killed a skyshark
 15739 | Lair:1   | Reached skill level 5 in Translocations
 16041 | Lair:1   | Noticed a seven-headed hydra
 16050 | Lair:1   | Killed a seven-headed hydra
 16246 | Lair:1   | Learned a level 2 spell: Lesser Beckoning
 16498 | Lair:1   | Noticed a catoblepas
 16508 | Lair:1   | Killed a catoblepas
 16509 | Lair:1   | Reached skill level 10 in Stealth
 16509 | Lair:1   | Reached XP level 13. HP: 44/90 MP: 16/16
 16730 | Lair:2   | Identified the +4 war axe "Lienn" {freeze, rPois}
 16794 | Lair:2   | Reached skill level 14 in Unarmed Combat
 17843 | Lair:1   | Bought an amulet of the acrobat for 570 gold pieces
 17912 | Lair:3   | Found a staircase to the Shoals.
 18183 | Lair:3   | Found a frozen archway.
 18191 | IceCv    | Entered an ice cave
 18474 | IceCv    | Noticed a quicksilver ooze
 18546 | Lair:3   | Found a hole to the Spider Nest.
 20043 | Lair:4   | Identified the +2 robe "Texuu" {rF- rN+++ rCorr Int-3}
 20439 | Lair:4   | Reached skill level 10 in Fighting
 20944 | Lair:4   | Reached skill level 1 in Evocations
 21000 | Lair:4   | Found a viscous altar of Jiyva.
 21000 | Lair:4   | Found a staircase to the Slime Pits.
 21406 | Lair:4   | Reached XP level 14. HP: 72/99 MP: 17/17
 21750 | Lair:5   | Entered Level 5 of the Lair of Beasts
 21872 | Lair:1   | Bought a +6 ring of dexterity for 684 gold pieces
 22089 | Lair:5   | Reached skill level 5 in Evocations
 23357 | Lair:5   | Noticed a dire elephant
 23464 | Lair:5   | Killed a dire elephant
 23766 | Lair:5   | Reached skill level 15 in Unarmed Combat
 23950 | Lair:5   | Identified the amulet "Duteu" {Faith +Blink Int+2 SInv}
 24323 | Lair:5   | Identified the +2 trident "Worm" {venom, rCorr}
 25363 | Lair:1   | Killed Gastronok
 25659 | D:13     | Found an ancient bone altar of Kikubaaqudgha.
 25674 | D:13     | Reached XP level 15. HP: 58/106 MP: 18/18
 25939 | D:13     | Got the Vellum of the Fetid Discharge
 26206 | Orc:1    | Entered Level 1 of the Orcish Mines
 26213 | Orc:1    | Noticed Jorgrun
 26232 | Orc:1    | Killed Jorgrun
 26557 | Orc:1    | Noticed Maurice
 26564 | Orc:1    | Maurice stole a phial of floods (inert)
 26568 | Orc:1    | Killed Maurice
 26924 | Orc:2    | Entered Level 2 of the Orcish Mines
 28045 | Orc:2    | Reached skill level 10 in Dodging
 28122 | Orc:2    | Found Huese's Antique Weapon Shoppe.
 28126 | Orc:2    | Found Mofeur's Jewellery Shoppe.
 28127 | Orc:2    | Found Duvunk's Assorted Antiques.
 28199 | Orc:2    | Reached skill level 15 in Stealth
 28204 | Orc:2    | Reached skill level 16 in Unarmed Combat
 28785 | Orc:2    | Found a staircase to the Elven Halls.
 28826 | Orc:2    | Found Puithroi's Magic Scroll Emporium.
 28834 | Orc:2    | Bought a scroll of teleportation for 30 gold pieces
 28834 | Orc:2    | Bought a scroll of fog for 40 gold pieces
 28834 | Orc:2    | Bought a scroll of silence for 95 gold pieces
 29482 | Orc:2    | Bought the ring of Ciapot {Wiz rElec Str+3 Stlth+} for 796
                  | gold pieces
 29482 | Orc:2    | Bought a dragon-blood talisman for 900 gold pieces
 30070 | D:14     | Reached XP level 16. HP: 114/114 MP: 19/19
 30091 | D:14     | Noticed Roxanne
 30331 | D:14     | Found a gate to the Vaults.
 30894 | D:15     | Entered Level 15 of the Dungeon
 30960 | D:15     | Found Sodgh's Antique Armour Shoppe.
 30990 | D:15     | Reached skill level 17 in Unarmed Combat
 32248 | D:15     | Found a staircase to the Depths.
 32492 | Lair:1   | Bought the ring "Isivvosy" {rPois rC+ rN+ rCorr Str+3} for
                  | 730 gold pieces
 32581 | Spider:1 | Entered Level 1 of the Spider Nest
 32912 | Spider:1 | Found a runed translucent gate.
 32912 | Spider:1 | Found a runed translucent gate.
 32912 | Spider:1 | Found a runed translucent gate.
 32917 | Spider:1 | Noticed Vuykkinei's ghost (adept TrBe)
 33133 | Spider:1 | Noticed Agnes
 33636 | Spider:1 | Reached skill level 10 in Shapeshifting
 34571 | Spider:2 | Noticed Nikola
 34596 | Spider:2 | Killed Nikola
 35378 | Spider:2 | Reached XP level 17. HP: 119/119 MP: 20/20
 37414 | Spider:4 | Entered Level 4 of the Spider Nest
 37653 | Spider:4 | Identified the +1 scale mail of the Planets {Int+3}
 38510 | Spider:4 | HP: 7/142 [disintegration (14)]
 39802 | Spider:4 | Reached skill level 15 in Shapeshifting
 39861 | Spider:4 | Identified the +0 hat "Xeinoloa" {Int+3}
 39957 | Spider:4 | Got a gossamer rune of Zot
 40269 | Shoals:1 | Entered Level 1 of the Shoals
 40490 | Shoals:1 | Reached XP level 18. HP: 126/126 MP: 21/21
 41529 | Shoals:1 | Got the Secrets of the Radiant Caves
 42886 | Shoals:3 | Noticed Louise
 42909 | Shoals:3 | Killed Louise
 43239 | Shoals:3 | Found Exzysk's Book Shoppe.
 43332 | Shoals:3 | Bought a book of Winter for 510 gold pieces
 43332 | Shoals:3 | Bought Great Wizards, Vol. VII for 450 gold pieces
 43442 | Shoals:3 | Reached skill level 10 in Evocations
 43500 | Shoals:3 | Learned a level 4 spell: Passage of Golubria
 43504 | Shoals:3 | Learned a level 3 spell: Ozocubu's Armour
 44040 | Shoals:4 | Entered Level 4 of the Shoals
 44117 | Shoals:4 | Noticed Polyphemus
 44126 | Shoals:4 | Reached skill level 1 in Ice Magic
 44143 | Shoals:4 | Killed Polyphemus
 45064 | Shoals:4 | Identified the +9 short sword of Darkness {vamp, Str+3}
 45356 | Shoals:4 | Reached XP level 19. HP: 125/131 MP: 25/25
 45674 | Shoals:4 | Noticed Bai Suzhen
 45692 | Shoals:4 | Killed Bai Suzhen
 45761 | Shoals:4 | Reached skill level 5 in Spellcasting
 46173 | Shoals:4 | Got a barnacled rune of Zot
 46909 | Vaults:1 | Entered Level 1 of the Vaults
 47035 | Vaults:1 | Reached skill level 5 in Ice Magic
 47907 | Vaults:1 | Reached skill level 18 in Unarmed Combat
 48722 | Vaults:1 | Found Ofucis's Antique Weapon Shop.
 49239 | Vaults:1 | Reached skill level 19 in Unarmed Combat
 49312 | Vaults:1 | Identified the serpent talisman "Neora" {Str+3}
 49312 | Vaults:1 | Noticed Aizul
 49319 | Vaults:1 | Killed Aizul
 49748 | Vaults:2 | Reached XP level 20. HP: 136/136 MP: 28/28
 49940 | Vaults:2 | Identified the +6 long sword of the Throat {distort,
                  | ^Fragile Will+ rCorr Str+5}
 50308 | Vaults:2 | Got the Compilation of Breezy Geometry
 50607 | Vaults:2 | Found a staircase to the Crypt.
 51833 | Vaults:3 | Found a magical portal.
 51971 | WizLab   | Entered Tukima's Studio
 52031 | WizLab   | Shot with a bolt by a +2 triple crossbow of electrocution

Illustrated notes

Levels and vault maps discovered:
D:1:      dpeg_arrival_fog, layout_basic,
          shapermc_ecumenical_altar_mp_urbaneastern
D:2:      layout_rooms, grunt_ministairs_9
D:3:      layout_loops_cross, mainiacjoe_overflow_alcove_1,
          minmay_fractal_squares_5
D:4:      layout_loops_cross, serial_undead, serial_undead_a, serial_undead_d,
          serial_undead_a, serial_undead_f, enter_ossuary_5,
          mainiacjoe_sewer_entry_somewhere_in_here_2, bh_walls_and_bars
D:5:      layout_loops_ring, mainiacjoe_overflow_small_starburst,
          fiery_altar_vehumet, uniq_pikel, uniq_eustachio
D:6:      layout_cave_pools, fedhas_ov_isle_minmay,
          chequers_temple_overflow_minitemple, minmay_temple_entry_water_ring,
          nicolae_houndstooth_variations, uniq_maggie
D:7:      layout_basic, mainiacjoe_overflow_cross_hatched
D:8:      layout_loops_corners, nicolae_uskayaw_en_pointe
D:9:      layout_basic, mainiacjoe_overflow_six_doors_small
D:10:     layout_gridville, nicolae_gozag_cash_rules_everything_around_me,
          overflow_temple_1_default, hiddenorc1_lemuel
D:11:     layout_roguey, minmay_lair_entry_grove, ebering_ghost_gozag
D:12:     layout_loops_corners, serial_co_window_serial, co_window_paths_a,
          co_window_paths_a, co_window_of_opportunity_a, co_window_corner_a,
          co_window_paths_a, co_window_of_opportunity_a, co_window_paths_a,
          co_window_paths_b, co_window_paths_b, co_window_corner_cb,
          co_window_corner_ca, co_window_corner_b, co_window_of_opportunity_b,
          co_window_2corner, co_window_broadway_b, co_window_4corner_a,
          glass_columns_c, glass_columns_a, nicolae_yredelemnul_corpse_copse
D:13:     layout_big_octagon, roadster_capsule_ark_zombie
D:14:     layout_roguey, hellmonk_vaults_keyhole, kennysheep_nondescript,
          uniq_roxanne
D:15:     grunt_enter_depths_snipers, layout_basic,
          nicolae_twisty_statue_hallways, serial_shops, shop, drop_trap
Temple:   nicolae_temple_ecumenical_triangle
Lair:1:   layout_gridlike, hibernation_bobbens, grunt_megastairs_3,
          lemuel_fruit_fields, uniq_gastronok, uniq_amaemon
Lair:2:   layout_concentric_octagons
Lair:3:   layout_cave_pods, elwin_shoals_entry_rocks, spider_nest_entry_webs,
          portal_ice_cave_entry_pillars_1
Lair:4:   layout_long_grid, slime_entry_1, amcnicky_mini_pool_medium,
          infiniplex_staircase_pool_2, grunt_megastairs_5
Lair:5:   gammafunk_lair_ancient_temple, layout_big_grid
Shoals:1: layout_shoals, nicolae_shoals_seven_spires,
          nicolae_shoals_enchanted_isle
Shoals:2: layout_shoals
Shoals:3: layout_shoals, serial_shops, shop, uniq_louise
Shoals:4: shoals_end_grunt_ice, layout_shoals, uniq_polyphemus, uniq_bai_suzhen
Spider:1: layout_spider_delve, ebering_ghost_rock_garden,
          nicolae_spider_webs_and_nodes, hellmonk_narrow_tunnel, uniq_agnes
Spider:2: layout_cave_pods, drop_trap, hangedman_spider_tarantella_strand,
          uniq_nikola
Spider:3: layout_spider_delve
Spider:4: guppyfry_spider_rune, hellmonk_deceptive_appearances
Orc:1:    layout_diamond_mine, uniq_maurice, uniq_jorgrun
Orc:2:    st_orc_open, layout_caves, elves_outpost_lemuel
Vaults:1: grunt_vaults_funnel, nicolae_vaults_storage_room_doors,
          nicolae_vaults_museum, v_misc_18, grunt_vaults_hallway_short,
          nicolae_vaults_cornered_office, nicolae_vaults_three_branches,
          vaults_room_pools, nicolae_vaults_six-pack,
          nicolae_vaults_heart-shaped_vault, layout_vaults_chaotic_city,
          serial_shops, shop, uniq_aizul
Vaults:2: hangedman_vaults_nails, hangedman_vaults_stretched_pinwheel,
          minmay_crypt_entry_vampire_xt, v_misc_31, nicolae_vaults_diamond_2,
          nicolae_vaults_weapon_check, v_misc_25,
          nicolae_vaults_little_squares_1, nicolae_vaults_house_2,
          layout_vaults_omnigrid
Vaults:3: infiniplex_enter_wizlab_glasses, nicolae_vaults_shelves_hall,
          nicolae_vaults_offset_grid_hallway_1, nicolae_vaults_mitosis,
          nicolae_vaults_diamond_1, vaults_room_ringed_pool,
          nicolae_vaults_ellipses_ellipsis, vaults_standard_mumra_x,
          nicolae_vaults_trapezoid_lopsided_1, ontoclasm_vaults_ring_square,
          nicolae_vaults_tetromino_T_2, layout_vaults_omnibox
WizLab:   wizlab_tukima

Skill      XL: |  1  2  3  4  5  6  7  8  9 10 11 12 13 14 15 16 17 18 19 20 |
---------------+-------------------------------------------------------------+-----
Unarmed Combat | 4 5 6 7 8 10 12 13 14 15 16 17 19 | 19.4
Fighting       | 2 5 7 8 10 11 14 | 14.2
Stealth        | 3 6 8 10 12 13 16 17 | 17.1
Shapeshifting  | 7 11 15 16 | 16.5
Shields        | 4 |  4.3
Dodging        | 5 7 9 10 | 10.1
Translocations | 6 7 8 |  8.6
Spellcasting   | 2 4 5 |  5.7
Evocations     | 4 7 8 10 | 10.0
Ice Magic      | 3 7 |  7.9

Action                     |  1- 3 |  4- 6 |  7- 9 | 10-12 | 13-15 | 16-18 | 19-21 || total
---------------------------+-------+-------+-------+-------+-------+-------+-------++-------
  Melee: Unarmed           |    55 |   104 |   227 |   474 |   958 |   974 |   521 ||  3313
         Constrict         |    14 |    25 |    60 |    61 |   128 |    66 |       ||   354
         Tentacles         |     9 |    20 |    64 |   127 |   319 |   119 |       ||   658
         Punch             |       |     7 |    12 |    53 |   125 |   143 |    74 ||   414
         Tailslap          |       |       |       |       |       |   111 |    86 ||   197
         Bite              |       |       |       |       |       |    80 |    56 ||   136
   Fire: Sling             |    46 |     8 |    50 |    61 |   159 |    20 |       ||   344
  Throw: Dart              |       |       |     3 |     2 |     5 |       |       ||    10
   Cast: Lesser Beckoning  |       |       |       |       |       |     4 |    13 ||    17
         Ozocubu's Armour  |       |       |       |       |       |     2 |     8 ||    10
         Blink             |       |       |       |       |       |     1 |       ||     1
 Invoke: Call Merchant     |       |       |       |     1 |     1 |       |       ||     2
Ability: Breathe Fire      |       |       |       |       |       |     3 |       ||     3
  Evoke: Wand              |       |       |     6 |    17 |    10 |     6 |       ||    39
         Box of beasts     |       |       |       |       |     3 |     2 |     1 ||     6
         Phial of floods   |       |       |       |       |     1 |     2 |       ||     3
         Lightning rod     |       |       |       |       |       |       |     4 ||     4
    Use: Scroll            |     1 |     6 |     7 |    14 |     5 |     4 |     6 ||    43
         Potion            |       |       |       |     6 |       |     4 |       ||    10
   Stab: Sleeping          |     4 |     6 |     6 |     7 |    19 |    55 |    13 ||   110
         Distracted        |       |       |       |     4 |    14 |    21 |     7 ||    46
         Invisible         |       |       |       |     1 |       |       |       ||     1
         Petrified         |       |       |       |       |       |     1 |       ||     1
 Armour: Skin              |    17 |    69 |   112 |   313 |   367 |   703 |   345 ||  1926
  Dodge: Dodged            |    41 |    69 |   116 |   245 |   542 |   800 |   339 ||  2152
  Block: Buckler           |       |    20 |    36 |   108 |   282 |   169 |       ||   615
   Form: Dragon            |       |       |       |       |       |     3 |       ||     3
         Beast             |       |       |       |       |       |     1 |       ||     1
                           |       |       |       |       |       |     1 |       ||     1
